 Dungeon Crawl Stone Soup version 0.21.0 (webtiles) character file.

4 inmateoo the Chucker (level 1, 0/17 HPs)
             Began as a Barachi Hunter on Jan 7, 2018.
             Slain by an orc priest
             ... wielding a +0 trident
              (6 damage)
             ... on level 4 of the Dungeon.
             The game lasted 00:01:04 (464 turns).

inmateoo the Chucker (Barachi Hunter)                Turns: 464, Time: 00:01:05

Health: 0/17       AC:  4    Str: 13    XL:     1   Next: 60%
Magic:  1/1        EV: 12    Int: 11    God:
Gold:   11         SH:  0    Dex: 12    Spells: 0/0 levels left

rFire    . . .     SeeInvis .   a - +0 short sword
rCold    . . .     Gourm    .   (no shield)
rNeg     . . .     Faith    .   b - +0 leather armour
rPois    .         Spirit   .   (no helmet)
rElec    .         Reflect  .   (no cloak)
rCorr    .         Harm     .   e - +0 pair of gloves
MR       .....                  (no boots)
Stlth    +.........             (no amulet)
HPRegen  0.05/turn              (no ring)
MPRegen  0.07/turn              (no ring)

@: slow
A: +LOS, swims, slowness 1, strong legs 1
a: Hop


You were on level 4 of the Dungeon.
You were not hungry.

You visited 2 branches of the dungeon, and saw 5 of its levels.

You collected 11 gold pieces.

Inventory:

Hand Weapons
 a - a +0 short sword (weapon)
Missiles
 c - 3 javelins
 d - a throwing net (quivered)
Armour
 b - a +0 leather armour (worn)
 e - a +0 pair of gloves (worn)
Scrolls
 h - a scroll of identify {unknown}
 i - a scroll of fear {unknown}
Potions
 g - 2 potions of flight {unknown}
Comestibles
 f - a ration


   Skills:
 - Level 2.4 Fighting
 - Level 4.0 Throwing
 - Level 2.1 Dodging
 - Level 0.8 Stealth
 + Level 1.2 Unarmed Combat


You couldn't memorise any spells.
You didn't know any spells.

Dungeon Overview and Level Annotations

Branches:
Dungeon (4/15)             Temple (1/1) D:4

Altars:
Dithmenos
Fedhas
Gozag
Hepliaklqana
Kikubaaqudgha
Makhleb
Nemelex Xobeh
Okawaru
Ru
Uskayaw
Yredelemnul
Zin

Annotations:
D:4 komo4ek's ghost, amateur GrFi


Innate Abilities, Weirdness & Mutations

Shadows flee at your approach. (+LOS)
You can swim through water.
You cover ground slowly.
You can hop short distances.


Message History

Unknown command.
Throwing (i - inventory. (,) - cycle):
d - a throwing net (quivered)
Press: ? - help, Shift-Dir - straight line, f/p - orc priest
Aim: an orc priest, wielding a falchion and wearing a chain mail (moderately wounded, entangled in a net)
Okay, then.
You hit the orc priest but do no damage.
The orc priest is moderately wounded.
The orc priest struggles against the net.
The orc priest closely misses you.
Unknown command.
You hit the orc priest.
The orc priest is moderately wounded.
The orc priest struggles against the net.
The orc priest barely misses you.
Unknown command.
You hit the orc priest.
The orc priest is heavily wounded.
The orc priest struggles against the net.
The orc priest hits you from afar with a trident.
You die...

...(.......# .o.l.../..# .##
.........# ..# ........#..
####.########### #o.........
..(............# #.........?
....≈≈≈≈≈......# #.(........
..≈≈≈≈≈≈≈≈≈....###o.......(.
≈≈≈≈≈≈≈≈≈≈≈≈≈...@oWl........
≈≈≈≈≈...≈≈≈≈≈≈..############
≈≈≈≈≈.>.≈≈≈≈≈≈(.#
≈≈≈≈≈..†≈≈≈≈≈≈.##
≈≈≈≈≈≈≈≈≈≈≈≈≈≈.#
≈≈≈≈≈≈≈≈≈≈≈≈≈..#
..≈≈≈≈≈≈≈≈≈....#
....≈≈≈≈≈......#
...............#


You could see 2 orc priests, komo4ek's ghost and a frilled lizard.

Vanquished Creatures
  A giant cockroach (D:4)
  A kobold (D:2)
  A goblin (D:2)
  A quokka skeleton (D:4)
4 creatures vanquished.

Notes
Turn   | Place    | Note
-------+----------+-------------------------------------------
     0 | D:1      | inmateoo the Barachi Hunter began the quest for the Orb.
     0 | D:1      | Reached XP level 1. HP: 17/17 MP: 1/1
   119 | D:4      | Found a staircase to the Ecumenical Temple.
   129 | Temple   | Entered the Ecumenical Temple
   436 | D:4      | Reached skill level 1 in Unarmed Combat
   453 | D:4      | Noticed an orc priest
   454 | D:4      | Noticed an orc priest
   461 | D:4      | Noticed komo4ek's ghost (amateur GrFi)
   464 | D:4      | Slain by an orc priest

Skill      XL: |  1 |
---------------+----+-----
Unarmed Combat | 1 |  1.2
Fighting       | |  2.4
Throwing       | |  4.0
Dodging        | |  2.1
Stealth        | |  0.8

Action                   || total
-------------------------++-------
Melee: Short sword       ||    13
Throw: Javelin           ||     3
       Throwing net      ||     1
Armor: Leather armour    ||     1
Dodge: Dodged            ||    10
